 Dungeon Crawl Stone Soup version 0.29-a0-517-gbdf32494f2 (webtiles) character file.

Game seed: 6009012010443263543

12868 pokeman the Eclecticist (level 11, -2/63 HPs)
             Began as a Deep Elf Hedge Wizard on May 30, 2022.
             Was a Priest of Vehumet.
             Slain by a skeletal warrior
             ... wielding a +0 long sword
              (18 damage)
             ... on level 11 of the Dungeon.
             The game lasted 00:27:48 (12431 turns).

pokeman the Eclecticist (Deep Elf Hedge Wizard)    Turns: 12431, Time: 00:27:49

Health: -2/63      AC: 12    Str:  7    XL:     11   Next: 68%
Magic:  28/41      EV: 12    Int: 24    God:    Vehumet [***...]
Gold:   627        SH:  0    Dex: 14    Spells: 15/41 levels left

rFire   . . .      SeeInvis .   z - +3 dagger
rCold   . . .      Faith    .   (no shield)
rNeg    . . .      Spirit   .   N - +0 acid dragon scales
rPois   .          Reflect  .   c - +0 hat
rElec   .          Harm     .   (no cloak)
rCorr   +          Rampage  .   (no gloves)
Will    +....                   x - +0 pair of boots
Stlth   ++........              i - amulet of regeneration
HPRegen 1.00/turn               o - +4 ring of protection
MPRegen 0.27/turn               H - ring of magical power

@: no status effects
A: no striking features
a: Renounce Religion


You were on level 11 of the Dungeon.
You worshipped Vehumet.
Vehumet was most pleased with you.
You visited 2 branches of the dungeon, and saw 12 of its levels.

You collected 627 gold pieces.

Inventory:

Hand Weapons
 z - a +3 dagger (weapon)
 G - a +0 hunting sling of flaming
Armour
 c - a +0 hat (worn)
 x - a +0 pair of boots (worn)
 N - +0 acid dragon scales (worn)
Jewellery
 b - a +6 ring of dexterity
 i - an amulet of regeneration (around neck)
 o - a +4 ring of protection (left hand)
 H - a ring of magical power (right hand)
 Q - a ring of flight
Wands
 p - a wand of iceblast (8)
 E - a wand of digging (4)
 F - a wand of paralysis (6)
 O - a wand of polymorph (6)
Scrolls
 a - a scroll of noise
 e - 5 scrolls of identify {unknown}
 h - 3 scrolls of enchant armour {unknown}
 j - 4 scrolls of poison {unknown}
 m - 3 scrolls of amnesia {unknown}
 n - 2 scrolls of summoning {unknown}
 q - 3 scrolls of fog {unknown}
 s - 5 scrolls of blinking {unknown}
 u - 2 scrolls of vulnerability {unknown}
 w - 2 scrolls of magic mapping {unknown}
 y - 3 scrolls of teleportation {unknown}
 A - a scroll of torment {unknown}
 J - 2 scrolls of immolation {unknown}
 K - a scroll of fear {unknown}
 M - a scroll of enchant weapon {unknown}
Potions
 d - a potion of magic
 f - 3 potions of ambrosia {unknown}
 g - 5 potions of heal wounds {unknown}
 k - 2 potions of attraction {unknown}
 l - 8 potions of curing {unknown}
 r - 2 potions of haste {unknown}
 t - 2 potions of cancellation {unknown}
 v - 4 potions of lignification {unknown}
 B - 2 potions of brilliance
 D - 3 potions of degeneration {unknown}
 I - 2 potions of flight {unknown}
 L - a potion of resistance {unknown}
 P - a potion of mutation {unknown}
Miscellaneous
 C - a piece from Xom's chessboard (15/15)


   Skills:
 - Level 5.0 Fighting
 + Level 3.8 Armour
 - Level 4.1 Dodging
 - Level 3.2 Stealth
 * Level 15.8 Spellcasting
 + Level 9.3 Conjurations
 - Level 1.1 Summonings
 - Level 1.0 Necromancy
 - Level 1.1 Translocations
 + Level 8.5 Fire Magic
 - Level 1.0 Ice Magic
 - Level 2.0 Air Magic
 - Level 1.1 Poison Magic
 - Level 1.0 Evocations


You had 15 spell levels left.
You knew the following spells:

 Your Spells              Type           Power      Damage    Failure   Level
a - Magic Dart            Conj           100%       1d8       1%          1
b - Mephitic Cloud        Conj/Pois/Air  38%        N/A       1%          3
c - Call Imp              Summ           24%        N/A       4%          2
d - Blink                 Tloc           48%        N/A       4%          2
e - Conjure Flame         Conj/Fire      58%        6-21      1%          3
f - Foxfire               Conj/Fire      100%       2x1d9     1%          1
g - Fireball              Conj/Fire      29%        3d13      1%          5
h - Freezing Cloud        Conj/Ice/Air   19%        6-21      7%          5
i - Swiftness             Air            28%        N/A       7%          3
j - Shock                 Conj/Air       100%       1d9       1%          1

Your spell library contained the following spells:

 Spells                   Type           Power      Damage    Failure   Level
 Sticky Flame             Conj/Fire      58%        2d7       1%          4
 Ignite Poison            Fire/Tmut/Pois 34%        N/A       1%          3
 Inner Flame              Hex/Fire       39%        N/A       1%          3
 Flame Wave               Conj/Fire      58%        2d11      1%          4
 Slow                     Hex            76%        N/A       5%          1
 Starburst                Conj/Fire      29%        6d9       5%          6
 Airstrike                Air            14%        N/A       6%          4
 Call Canine Familiar     Summ           24%        N/A       10%         3
 Portal Projectile        Hex/Tloc       42%        N/A       12%         3
 Leda's Liquefaction      Hex/Erth       9%         N/A       45%         4
 Manifold Assault         Tloc           24%        N/A       67%         5
 Ignition                 Fire           28%        3d9       92%         8
 Malign Gateway           Summ/Tloc      12%        N/A       100%        7
 Storm Form               Tmut/Air       11%        N/A       100%        7
 Summon Horrible Things   Summ           12%        N/A       100%        8


Dungeon Overview and Level Annotations

Branches:
Dungeon (11/15)            Temple (1/1) D:5            Lair (0/6) D:8
    Orc (0/2) D:10

Altars:
Cheibriados
Elyvilon
Gozag
Kikubaaqudgha
Makhleb
Nemelex Xobeh
Okawaru
Sif Muna
Trog
Uskayaw
Vehumet
Wu Jian
Xom


Message History

The skeletal warrior is lightly damaged.
You feel sick.
The skeletal warrior attacks as you move away!
The skeletal warrior hits you with a +0 long sword!
You feel sick.
A skeletal warrior is nearby!
The skeletal warrior attacks as you move away!
The skeletal warrior hits you with a +0 long sword.
You feel sick.
Casting: Fireball (dangerous; 1% risk of failure)
Confirm with . or Enter, or press ? or * to list all spells.
You blink.
You feel sick.
The skeletal warrior attacks as you move away!
The skeletal warrior hits you with a +0 long sword!!
* * * LOW HITPOINT WARNING * * *
You feel sick.
You are no longer poisoned.
There is an open door here.
You feel stable enough to blink again.
The skeletal warrior throws a poisoned dart.
The poisoned dart closely misses you.
You close the door.
A skeletal warrior opens the door.
You close the door.
A skeletal warrior opens the door.
As you close the door, it creaks loudly!
A skeletal warrior opens the door.
You close the door.
A skeletal warrior opens the door.
You close the door.
A skeletal warrior breaks down the door.
As you read the scroll labelled PIR TOVOSUMMES, it crumbles to dust.
You hear a loud clanging noise!
It was a scroll of noise.
The skeletal warrior attacks as you move away!
The skeletal warrior hits you with a +0 long sword.
* * * LOW HITPOINT WARNING * * *
There is a broken door here.
Things that are here:
3 large rocks; a cyclops skeleton The skeletal warrior attacks as you move away!
The skeletal warrior hits you with a +0 long sword!!
You die...

#.######.#
#.######.##
####.##.......
##...ยง...###.##
#..##.#####...#
#'###.####.....
####.8####.......#
##.z(..'..######.##
#.@8#..#8..# #.#
#.########.# #)#
#'#/[..$$#'# ##'##
#.####'###.# ##...#
#..8#..#8..###.....
##..+..'..###......
####8.#####.......
...####...'.......
#........#.......


You could see a skeletal warrior.

Vanquished Creatures
  Erolcha (D:9)
  2 hydras (D:11)
  2 two-headed ogres
  A cyclops (D:11)
  A manticore (D:8)
  Psyche (D:8)
  3 kobold demonologists (D:11)
  A troll (D:9)
  A hornet (D:7)
  4 shadows
  12 yaks
  A wraith (D:9)
  2 wyverns
  Grum (D:8)
  2 steam dragons
  Menkaure (D:6)
  A warg (D:9)
  4 acid dragons
  2 sky beasts
  Duvessa (D:5)
  2 black bears
  An ice beast (D:7)
  4 wolves (D:8)
  An ogre (D:5)
  5 centaurs
  2 phantoms
  5 kobold brigands
  2 bullfrogs
  7 scorpions
  7 wights
  Dowan (D:5)
  3 killer bees (D:8)
  4 howler monkeys
  2 hounds
  5 orc priests
  Jessica (D:2)
  3 iguanas
  6 orc wizards
  4 gnolls (D:4)
  9 adders
  3 white imps
  An ufetubus (D:6)
  4 worms
  4 dart slugs
  29 orcs
  5 bats
  3 endoplasms
  A giant cockroach (D:1)
  5 goblins
  5 hobgoblins
  5 quokkas
  3 ball pythons
  A frilled lizard (D:1)
  24 kobolds
  3 rats
214 creatures vanquished.

Vanquished Creatures (collateral kills)
  An orc wizard (D:9)
1 creature vanquished.

Vanquished Creatures (others)
  A wizard (D:5)
  An orc (D:9)
  277 foxfires
279 creatures vanquished.

Grand Total: 494 creatures vanquished

Notes
Turn   | Place    | Note
-------+----------+-------------------------------------------
     0 | D:1      | pokeman the Deep Elf Hedge Wizard began the quest for the
                  | Orb.
     0 | D:1      | Reached XP level 1. HP: 10/10 MP: 7/7
   362 | D:1      | Found a faded altar of an unknown god.
   504 | D:1      | Reached XP level 2. HP: 16/16 MP: 4/9
  1056 | D:2      | Reached skill level 5 in Spellcasting
  1105 | D:2      | Reached XP level 3. HP: 20/20 MP: 9/11
  1109 | D:2      | Learned a level 3 spell: Mephitic Cloud
  1112 | D:2      | Learned a level 2 spell: Call Imp
  1115 | D:2      | Learned a level 2 spell: Blink
  1119 | D:2      | Learned a level 3 spell: Conjure Flame
  1556 | D:2      | Noticed Jessica
  1609 | D:2      | Killed Jessica
  1610 | D:2      | Reached skill level 1 in Fighting
  1610 | D:2      | Reached skill level 1 in Armour
  1757 | D:2      | Reached XP level 4. HP: 24/25 MP: 5/13
  2245 | D:3      | Learned a level 1 spell: Shock
  2383 | D:3      | Found an ornate altar of the Wu Jian Council.
  2510 | D:3      | Found a shimmering blue altar of Sif Muna.
  2519 | D:3      | Found a snail-covered altar of Cheibriados.
  2779 | D:3      | You fall into a shaft and drop 2 floors!
  2779 | D:5      | Entered Level 5 of the Dungeon
  2971 | D:5      | Reached skill level 1 in Fire Magic
  3032 | D:5      | Found a bloodstained altar of Trog.
  3069 | D:4      | Found an opulent altar of Gozag.
  3083 | D:4      | Reached skill level 6 in Spellcasting
  3083 | D:4      | Reached XP level 5. HP: 27/29 MP: 8/15
  3461 | D:4      | Noticed a phantom
  3467 | D:4      | Reached skill level 1 in Air Magic
  3490 | D:3      | Killed a phantom
  3491 | D:3      | Reached XP level 6. HP: 30/34 MP: 2/17
  3800 | D:4      | Reached skill level 7 in Spellcasting
  4225 | D:4      | Reached XP level 7. HP: 38/38 MP: 12/20
  4794 | D:5      | Noticed Duvessa
  4811 | D:4      | Reached skill level 1 in Poison Magic
  4891 | D:5      | Noticed Dowan
  4910 | D:5      | Killed Dowan
  4911 | D:5      | Reached skill level 8 in Spellcasting
  4912 | D:5      | Killed Duvessa
  5078 | D:5      | Found an ancient bone altar of Kikubaaqudgha.
  5262 | D:5      | Found a radiant altar of Vehumet.
  5270 | D:5      | Became a worshipper of Vehumet
  5442 | D:5      | Found a staircase to the Ecumenical Temple.
  5448 | D:5      | Found a shimmering altar of Xom.
  5492 | D:5      | Reached skill level 1 in Evocations
  5782 | D:5      | Found a sparkling altar of Nemelex Xobeh.
  5815 | D:5      | Noticed a wizard
  5818 | D:5      | Killed a wizard
  6026 | Temple   | Entered the Ecumenical Temple
  6050 | D:5      | Reached skill level 9 in Spellcasting
  6050 | D:5      | Reached XP level 8. HP: 43/43 MP: 21/23
  6282 | D:6      | Reached skill level 5 in Conjurations
  6358 | D:6      | Noticed Menkaure
  6373 | D:6      | Reached * piety under Vehumet
  6373 | D:6      | Offered knowledge of Foxfire by Vehumet.
  6376 | D:6      | Learned a level 1 spell: Foxfire
  6377 | D:6      | Killed Menkaure
  6378 | D:6      | Reached skill level 10 in Spellcasting
  6454 | D:6      | Learned a level 3 spell: Swiftness
  6460 | D:6      | Learned a level 5 spell: Freezing Cloud
  6768 | D:6      | Reached skill level 1 in Ice Magic
  6933 | D:6      | Learned a level 5 spell: Fireball
  7103 | D:7      | Reached XP level 9. HP: 49/49 MP: 22/25
  7312 | D:7      | Reached skill level 11 in Spellcasting
  7671 | D:7      | Reached skill level 1 in Necromancy
  8058 | D:8      | Found a white marble altar of Elyvilon.
  8078 | D:8      | Found a staircase to the Lair.
  8110 | D:8      | Found a burning altar of Makhleb.
  8145 | D:8      | Reached ** piety under Vehumet
  8146 | D:8      | Reached skill level 5 in Fire Magic
  8313 | D:8      | Offered knowledge of Static Discharge by Vehumet.
  8331 | D:8      | Reached skill level 12 in Spellcasting
  8333 | D:8      | Noticed Psyche
  8339 | D:8      | Killed Psyche
  8353 | D:8      | Reached XP level 10. HP: 24/56 MP: 6/28
  8457 | D:8      | Noticed a manticore
  8557 | D:8      | Reached skill level 13 in Spellcasting
  8602 | D:8      | Noticed Grum
  8625 | D:8      | Killed Grum
  8630 | D:8      | Killed a manticore
  8730 | D:8      | Found an iron altar of Okawaru.
  8899 | D:8      | Identified the +1 robe of Valour {Int+4}
  9698 | D:9      | Offered knowledge of Dazzling Flash by Vehumet.
  9873 | D:9      | Noticed Erolcha
  9878 | D:9      | Killed Erolcha
  9879 | D:9      | Reached skill level 14 in Spellcasting
 10164 | D:9      | Reached *** piety under Vehumet
 10443 | D:10     | Entered Level 10 of the Dungeon
 10585 | D:10     | Reached XP level 11. HP: 62/62 MP: 25/31
 10835 | D:10     | Found a hide-covered altar of Uskayaw.
 10898 | D:10     | Found a staircase to the Orcish Mines.
 10899 | D:10     | Noticed a two-headed ogre
 10902 | D:10     | Killed a two-headed ogre
 11619 | D:11     | Noticed a two-headed ogre
 11621 | D:11     | Offered knowledge of Sticky Flame by Vehumet.
 11624 | D:11     | Killed a two-headed ogre
 11625 | D:11     | Reached skill level 5 in Fighting
 11625 | D:11     | Reached skill level 15 in Spellcasting
 11819 | D:11     | Noticed a soul eater
 12174 | D:11     | Noticed a seven-headed hydra
 12200 | D:11     | Noticed a four-headed hydra
 12203 | D:11     | Killed a four-headed hydra
 12204 | D:11     | Noticed a skeletal warrior
 12322 | D:11     | Killed a seven-headed hydra
 12431 | D:11     | Slain by a skeletal warrior

Illustrated notes

Levels and vault maps discovered:
D:1:      wander_arrival_estate, layout_rooms, ebering_ecumenical_altar_rust,
          kennysheep_boxes
D:2:      layout_basic, minmay_misc_feat_room, uniq_jessica
D:3:      layout_basic, nzn_wu_jian_contemplation, mainiacjoe_overflow_swirl
D:4:      layout_cave_pods, grunt_gozag_statues
D:5:      layout_gridville, xom_butterflies, pf_just_have_faith,
          mainiacjoe_overflow_alcove_2, mainiacjoe_overflow_cross_hatched,
          trog_wizard, minmay_temple_entry_junction, hangedman_decor_push,
          minmay_misc_feat_pillars, sigmund_army, uniq_duvessa
D:6:      layout_loops_ring, minmay_unpleasant_kobolds, uniq_menkaure
D:7:      layout_rooms
D:8:      minmay_distorted_concentric_squares, layout_layer_cave,
          okawaru_metal_pillars_1_2, elyvilon_altar_4,
          mainiacjoe_overflow_chevrons, lair_entry_dummy, uniq_grum, uniq_psyche
D:9:      layout_roguey, uniq_erolcha
D:10:     layout_basic, mainiacjoe_overflow_concentric_impassable, david_orc_3
D:11:     minmay_chambers_of_sixes, layout_loops_corners
Temple:   nicolae_temple_figure_zero

Skill      XL: |  1  2  3  4  5  6  7  8  9 10 11 |
---------------+----------------------------------+-----
Spellcasting   | 5 6 7 9 10 12 14 15 | 15.8
Fighting       | 1 2 3 4 5 |  5.0
Armour         | 1 3 |  3.8
Conjurations   | 2 3 4 5 7 8 9 |  9.3
Fire Magic     | 1 2 4 5 7 8 |  8.5
Dodging        | 3 4 |  4.1
Air Magic      | 1 2 |  2.0
Poison Magic   | 1 |  1.1
Stealth        | 3 |  3.2
Evocations     | 1 |  1.0
Ice Magic      | 1 |  1.0
Necromancy     | 1 |  1.0
Summonings     | |  1.1
Translocations | |  1.1

Action                   |  1- 3 |  4- 6 |  7- 9 | 10-12 || total
-------------------------+-------+-------+-------+-------++-------
Melee: Dagger            |     5 |     5 |    23 |    26 ||    59
       Punch             |       |       |       |     1 ||     1
 Cast: Magic Dart        |    78 |    15 |     2 |       ||    95
       Shock             |       |    92 |   147 |     7 ||   246
       Mephitic Cloud    |       |     5 |    12 |     6 ||    23
       Conjure Flame     |       |     5 |     8 |     7 ||    20
       Blink             |       |     1 |     2 |     3 ||     6
       Foxfire           |       |       |   102 |    46 ||   148
       Fireball          |       |       |     1 |    71 ||    72
       Call Imp          |       |       |     1 |     3 ||     4
  Use: Scroll            |       |       |       |     1 ||     1
 Stab: Confused          |       |     2 |     3 |     1 ||     6
       Sleeping          |       |       |     1 |       ||     1
Armor: Robe              |     3 |     7 |    10 |       ||    20
       Leather armour    |       |       |     9 |       ||     9
       Acid dragon scale |       |       |    14 |    25 ||    39
Dodge: Dodged            |    11 |    19 |    77 |    53 ||   160

Table legend: (Time is in decaauts)
 A = Elapsed time spent in this place.
 B = Non-inter-level travel time spent in this place.
 C = Inter-level travel time spent in this place.
 D = Time resting spent in this place.
 E = Time spent auto-exploring this place.
 F = Levels seen in this place.
 G = Mean time per level.
                   A        B        C        D        E       F      G
               +--------+--------+--------+--------+--------+-----+--------+
         Total |  12436 |  12120 |    316 |    486 |   9886 |  12 | 1036.3 |
       Dungeon |  12434 |  12118 |    316 |    486 |   9886 |  11 | 1130.4 |
        Temple |      1 |      1 |      0 |      0 |      0 |   1 |    1.0 |
               +--------+--------+--------+--------+--------+-----+--------+

Top non-repeatable levels by time:
     D:8: 1698 daAuts
     D:4: 1456 daAuts
     D:5: 1450 daAuts
     D:3: 1148 daAuts
     D:9: 1109 daAuts
     D:2: 1065 daAuts
     D:6: 1046 daAuts
    D:10: 974 daAuts
     D:1: 930 daAuts
    D:11: 831 daAuts
     D:7: 722 daAuts
  Temple: 1 daAuts
